 Dungeon Crawl Stone Soup version 0.21-a0-584-g185da8e (webtiles) character file.

57 tsouns the Skirmisher (level 4, -7/38 HPs)
             Began as a Merfolk Wanderer on Dec 21, 2017.
             Mangled by Crazy Yiuf
             ... wielding a +4 quarterstaff of chaos
              (10 damage)
             ... on level 2 of the Dungeon.
             The game lasted 00:03:44 (1813 turns).

tsouns the Skirmisher (Merfolk Wanderer)            Turns: 1813, Time: 00:03:44

Health: -7/38      AC:  2    Str: 15    XL:     4   Next: 0%
Magic:  4/4        EV: 12    Int: 12    God:
Gold:   120        SH:  0    Dex: 15    Spells: 2/3 levels left

rFire    . . .     SeeInvis .   g - +0 spear
rCold    . . .     Gourm    .   (no shield)
rNeg     . . .     Faith    .   d - +0 robe
rPois    .         Spirit   .   (no helmet)
rElec    .         Reflect  .   (no cloak)
rCorr    .         Harm     .   (no gloves)
MR       .....                  (no boots)
Stlth    ++........             (no amulet)
HPRegen  0.12/turn              (no ring)
MPRegen  0.09/turn              (no ring)

@: mighty, lethally poisoned (-7 -> -18), very slightly contaminated, hasted,
very quick
A: change form in water, swift swim, stealthy swim
a: no special abilities


You were on level 2 of the Dungeon.
You were not hungry.

You visited 1 branch of the dungeon, and saw 2 of its levels.

You collected 120 gold pieces.

Inventory:

Hand Weapons
 e - a +0 dagger
 g - a +0 spear (weapon)
Missiles
 l - 51 stones (quivered)
 p - 7 tomahawks
Armour
 d - a +0 robe (worn)
Potions
 i - 2 potions of degeneration
Books
 a - a book of Necromancy

   Spells                             Type                      Level
   a - Pain                           Necromancy                   1
   b - Animate Skeleton               Necromancy                   1
   c - Vampiric Draining              Necromancy                   3
   d - Regeneration                   Charms/Necromancy            3
   e - Animate Dead                   Necromancy                   4
   f - Control Undead                 Necromancy                   4
Comestibles
 f - 2 rations


   Skills:
 - Level 4.5 Fighting
 * Level 4.5 Polearms
 + Level 1.1 Dodging
 - Level 1.1 Stealth
   Level 1.0 Shields
 - Level 1.1 Unarmed Combat
 - Level 1.5 Necromancy
   Level 1.0 Fire Magic


You had 2 spell levels left.
You knew the following spells:

 Your Spells              Type           Power        Failure   Level  Hunger
a - Animate Skeleton      Necr           N/A          19%         1    ##.....


Dungeon Overview and Level Annotations

Branches:
Dungeon (2/15)

Altars:
Elyvilon

Annotations:
D:2 Crazy Yiuf


Message History

* * * LOW HITPOINT WARNING * * *
You are lethally poisoned!
You flicker back into view.
* * * LOW HITPOINT WARNING * * *
You feel sick.
There is an open door here.
You feel yourself speed up.
* * * LOW HITPOINT WARNING * * *
You feel sick.
Crazy Yiuf screams, "Gum broken head!"
It was a potion of might.
You feel very mighty all of a sudden.
* * * LOW HITPOINT WARNING * * *
You feel sick. Crazy Yiuf hits you but does no damage.
You closely miss Crazy Yiuf.
Crazy Yiuf is heavily wounded.
Crazy Yiuf hits you with a quarterstaff of chaos.
* * * LOW HITPOINT WARNING * * *
You are electrocuted!
You die...

###♣♣♣♣♣ ##.#P.♣.♣♣♣#####
##....P.♣..♣#...#
#.....P♣♣♣♣.@g..#
##...#.♣♣ ♣♣#..)# #..###♣♣
##### ##### #.##
#...###### ##.# #.........
##..####### ###...######
#.........# ######.##.##
##.#############.........#
#.# #..........#######.#


You could see Crazy Yiuf.

Vanquished Creatures
  2 adders (D:2)
  An ooze (D:2)
  A dart slug (D:1)
  2 leopard geckos (D:1)
  4 bats (D:1)
  A giant cockroach (D:1)
  5 goblins
  2 hobgoblins (D:1)
  3 kobolds
  A quokka (D:2)
  10 rats
32 creatures vanquished.

Notes
Turn   | Place    | Note
-------+----------+-------------------------------------------
     0 | D:1      | tsouns the Merfolk Wanderer began the quest for the Orb.
     0 | D:1      | tsouns set off with: a book of Necromancy, a potion of curing, a potion of lignification, a +0 robe, a +0 dagger, a ration
     0 | D:1      | Reached XP level 1. HP: 20/20 MP: 1/1
   267 | D:1      | Reached skill level 1 in Dodging
   598 | D:1      | Reached skill level 1 in Polearms
   598 | D:1      | Reached XP level 2. HP: 26/26 MP: 2/2
   761 | D:1      | Reached XP level 3. HP: 28/31 MP: 3/3
  1037 | D:2      | Learned a level 1 spell: Animate Skeleton
  1284 | D:2      | Found a runed door.
  1602 | D:2      | Found a white marble altar of Elyvilon.
  1697 | D:2      | Reached XP level 4. HP: 36/38 MP: 4/4
  1794 | D:2      | Noticed Crazy Yiuf
  1813 | D:2      | Mangled by Crazy Yiuf

Vault maps used:
D:1:      matt_arrival_grand_opening
D:2:      wad_floor_pattern_untrapped, elyvilon_altar_5, uniq_crazy_yiuf_cottage

Skill      XL: |  1  2  3 |
---------------+----------+-----
Dodging        | 1 |  1.1
Polearms       | 1 3 4 |  4.5
Fighting       | |  4.5
Stealth        | |  1.1
Shields        | |  1.0
Unarmed Combat | |  1.1
Necromancy     | |  1.5
Fire Magic     | |  1.0

Action                   |  1- 3 |  4- 6 || total
-------------------------+-------+-------++-------
Melee: Dagger            |    28 |       ||    28
       Spear             |   101 |    13 ||   114
 Cast: Animate Skeleton  |     1 |       ||     1
  Use: Scroll            |     4 |       ||     4
       Potion            |     1 |     4 ||     5
 Stab: Sleeping          |     6 |       ||     6
       Invisible         |       |     1 ||     1
  Eat: Ration            |     1 |       ||     1
       Chunk             |     1 |       ||     1
Armor: Robe              |    12 |     2 ||    14
       Skin              |    16 |       ||    16
Dodge: Dodged            |    63 |     3 ||    66

Table legend:
 A = Spawn XP
 B = Non-spawn XP
 C = Spawn XP percentage of total XP
 D = Spawn monster count
 E = Non-spawn monster count
 F = Spawn count percentage of total count
 G = Total turns spent on level
                    A         B        C        D         E        F      G
               +---------+---------+-------+---------+---------+-------+---------
         Total |       0 |      82 |   0.0 |       0 |      32 |   0.0 |  1813
               +---------+---------+-------+---------+---------+-------+---------
           D:1 |       0 |      39 |   0.0 |       0 |      22 |   0.0 |   991
           D:2 |       0 |      43 |   0.0 |       0 |      10 |   0.0 |   822
               +---------+---------+-------+---------+---------+-------+---------
